 Dungeon Crawl Stone Soup version 0.21-a0-442-g848f44b (webtiles) character file.

3004 Gildeon the Cleaver (level 9, 0/82 HPs)
             Began as a Minotaur Fighter on Nov 15, 2017.
             Was a Follower of Kikubaaqudgha.
             Succumbed to an orc priest's poison
             ... on level 7 of the Dungeon.
             The game lasted 00:38:34 (6791 turns).

Gildeon the Cleaver (Minotaur Fighter)              Turns: 6791, Time: 00:38:35

Health: 0/82       AC:  9    Str: 27    XL:     9   Next: 54%
Magic:  17/17      EV: 11    Int:  6    God:    Kikubaaqudgha [*.....]
Gold:   136        SH: 10    Dex: 11    Spells: 5/8 levels left

rFire    + . .     SeeInvis .   a - +2 war axe
rCold    . . .     Gourm    .   c - +0 shield
rNeg     . . .     Faith    .   x - +0 ring mail
rPois    +         Spirit   .   (helmet restricted)
rElec    .         Reflect  .   k - +2 cloak {rPois}
rCorr    .         Harm     .   (no gloves)
MR       .....                  (no boots)
Stlth    +.........             (no amulet)
HPRegen  0.23/turn              C - ring of magical power
MPRegen  0.15/turn              o - ring of protection from fire

@: mighty, lethally poisoned (0 -> -1), about to teleport
A: retaliatory headbutt, horns 2
a: Receive Corpses, Renounce Religion


You were on level 7 of the Dungeon.
You worshipped Kikubaaqudgha.
Kikubaaqudgha was aware of your devotion.
You were not hungry.

You visited 2 branches of the dungeon, and saw 9 of its levels.

You collected 376 gold pieces.
You spent 240 gold pieces at shops.

Inventory:

Hand Weapons
 a - a +2 war axe (weapon)
Missiles
 g - 8 tomahawks
 n - 5 javelins (quivered)
Armour
 b - a +0 scale mail
 c - a +0 shield (worn)
 k - a +2 cloak of poison resistance (worn)
 x - a +0 ring mail (worn)
 y - a +0 chain mail
Jewellery
 o - a ring of protection from fire (right hand)
 C - a ring of magical power (left hand)
Scrolls
 l - 3 scrolls of remove curse
 v - a scroll of teleportation
 F - a scroll of enchant armour
Potions
 d - a potion of might
 e - a potion of heal wounds {unknown}
 i - a potion of resistance
 m - 2 potions of brilliance
 s - 2 potions of flight {unknown}
 u - a potion of haste {unknown}
 w - a potion of degeneration {unknown}
 z - a potion of cancellation {unknown}
 A - a potion of agility {unknown}
Books
 r - a book of Flames

   Spells                             Type                      Level
   a - Flame Tongue                   Conjuration/Fire             1
   b - Throw Flame                    Conjuration/Fire             2
   c - Conjure Flame                  Conjuration/Fire             3
   d - Inner Flame                    Hexes/Fire                   3
   e - Sticky Flame                   Conjuration/Fire             4
   f - Fireball                       Conjuration/Fire             5
 B - a Young Poisoner's Handbook

   Spells                             Type                      Level
   a - Sting                          Conjuration/Poison           1
   b - Poisonous Vapours              Poison/Air                   2
   c - Mephitic Cloud                 Conjuration/Poison/Air       3
   d - Olgreb's Toxic Radiance        Poison                       4
   e - Venom Bolt                     Conjuration/Poison           5
 E - Kikubaaqudgha's Almanac of Stolen Souls
   (Kikubaaqudgha gifted it to you on level 7 of the Dungeon)

   Spells                             Type                      Level
   a - Animate Skeleton               Necromancy                   1
   b - Corpse Rot                     Necromancy                   2
   c - Sublimation of Blood           Necromancy                   2
   d - Vampiric Draining              Necromancy                   3
   e - Control Undead                 Necromancy                   4
Comestibles
 f - 4 bread rations
 h - 2 meat rations
 j - 4 chunks of flesh
 p - 2 fruits
 q - 7 royal jellies


   Skills:
 + Level 8.8 Fighting
 - Level 11.6 Axes
 - Level 5.7 Armour
 - Level 4.0 Dodging
 - Level 5.2 Shields


You had 5 spell levels left.
You knew the following spells:

 Your Spells              Type           Power        Failure   Level  Hunger
a - Flame Tongue          Conj/Fire      #....        95%         1    ##.....
b - Sting                 Conj/Pois      #...         95%         1    ##.....
c - Animate Skeleton      Necr           N/A          95%         1    ##.....


Dungeon Overview and Level Annotations

Branches:
Dungeon (8/15)             Temple (1/1) D:6
   Lair: D:8-11

Altars:
Ashenzari
Cheibriados
Dithmenos
Elyvilon
Gozag
Hepliaklqana
Kikubaaqudgha
Makhleb
Nemelex Xobeh
Okawaru
Qazlal
Ru
Sif Muna
Trog
Uskayaw
Vehumet
Wu Jian
Xom
Yredelemnul
Zin
The Shining One

Shops:
D:6 =


Innate Abilities, Weirdness & Mutations

You reflexively headbutt those who attack you in melee.
You have a pair of horns on your head.


Message History

You hear a shout!
The warg pauses to sniff the ground.
There is an escape hatch in the ceiling here.
The warg closely misses you. You furiously retaliate!
You headbutt the warg! The warg barely misses you.
The warg completely misses you. You furiously retaliate!
You headbutt the warg. A mysterious force pulls you upwards.
The hatch slams shut behind you.
You feel sick.
Okay, then.
You feel very mighty all of a sudden. You block the warg's attack.
The warg barely misses you. The warg closely misses you.
You slash the warg! Your headbutt misses the warg.
The warg is almost dead.
You slash the warg! You block the warg's attack. The warg bites you!
* * * LOW HITPOINT WARNING * * *
As you read the scroll of teleportation, it crumbles to dust.
You feel strangely unstable.
You die...
Kikubaaqudgha rasps: "You have failed me!
Welcome... death!"

##.###.# #.# #.#...#.##.#.#####
##.###.# #.# #.#...#.##.#......
.......# #.# #.#...#.##.#######
.#.##### #.#####.##.##.##........
.#.....# #.....#.##)##.##########
.#.###.###.....#.##.##.....#.....
.#.##....'.....#.##.######.#.####
.#.#######.....#hh.........#.#
.#.##.####.)...#@..........#.#
##..........####...........#.#
..>.........####.....^.....#.#
.#.........(...............#.####
.#.#######.#.######.######.#.....
.#.# #.#...............##...#
.#.#######.#.######.............'
.#.#.......#........#########...#
##.#......................# #...#


You could see 2 wargs.

Vanquished Creatures
  A two-headed ogre (D:7)
  Joseph (D:7)
  A hippogriff (D:7)
  Edmund (D:6)
  A sky beast (D:7)
  A phantom (D:6)
  3 ogres
  2 centaurs
  Blork the orc (D:5)
  A big kobold (D:4)
  A scorpion (D:5)
  4 crimson imps
  A centaur zombie (D:7)
  3 hounds
  2 jellies
  An orc priest (D:8)
  3 orc wizards
  Crazy Yiuf (D:4)
  An iguana (D:6)
  Natasha (D:4)
  3 worker ants
  A killer bee zombie (D:5)
  A hound zombie (D:6)
  A hound skeleton (D:6)
  4 gnolls (D:2)
  9 adders
  4 shadow imps
  A white imp (D:5)
  2 oozes
  5 worms
  6 dart slugs
  4 leopard geckos
  18 orcs
  8 giant cockroaches
  10 goblins
  7 hobgoblins
  2 jackals (D:1)
  2 quokkas
  2 ball pythons (D:3)
  A ball python skeleton (D:5)
  7 bats
  8 frilled lizards
  A goblin skeleton (D:5)
  A goblin zombie (D:5)
  4 hobgoblin zombies (D:5)
  29 kobolds
  A kobold skeleton (D:5)
  2 kobold zombies (D:5)
  An orc skeleton (D:5)
  2 orc zombies (D:5)
  2 quokka skeletons
  8 rats
  4 plants (D:4)
192 creatures vanquished.

Notes
Turn   | Place    | Note
-------+----------+-------------------------------------------
     0 | D:1      | Gildeon the Minotaur Fighter began the quest for the Orb.
     0 | D:1      | Reached XP level 1. HP: 19/19 MP: 0/0
    48 | D:1      | Reached skill level 3 in Axes
   122 | D:1      | Reached XP level 2. HP: 22/26 MP: 1/1
   282 | D:1      | Reached skill level 4 in Axes
   390 | D:1      | Reached XP level 3. HP: 31/31 MP: 2/2
   739 | D:2      | Found a stormy altar of Qazlal.
   912 | D:2      | Reached skill level 5 in Axes
   935 | D:2      | Reached XP level 4. HP: 36/40 MP: 3/3
  1380 | D:2      | Reached skill level 5 in Fighting
  1570 | D:3      | Reached XP level 5. HP: 48/48 MP: 4/4
  2057 | D:3      | Learned a level 1 spell: Flame Tongue
  2446 | D:4      | Reached skill level 5 in Armour
  2446 | D:4      | Reached XP level 6. HP: 42/56 MP: 5/5
  2884 | D:4      | Found a snail-covered altar of Cheibriados.
  3096 | D:4      | Found a runed door.
  3100 | D:4      | Noticed Crazy Yiuf
  3111 | D:4      | Killed Crazy Yiuf
  3304 | D:4      | Reached skill level 5 in Shields
  3405 | D:4      | Noticed Natasha
  3411 | D:4      | Killed Natasha
  3411 | D:4      | Reached skill level 1 in Dodging
  3711 | D:5      | Entered Level 5 of the Dungeon
  3731 | D:5      | Noticed Blork the orc
  3748 | D:5      | Killed Blork the orc
  3748 | D:5      | Reached XP level 7. HP: 14/61 MP: 6/6
  4033 | D:5      | Found a glowing golden altar of the Shining One.
  4138 | D:5      | Found an opulent altar of Gozag.
  4139 | D:5      | Found a shattered altar of Ashenzari.
  4290 | D:5      | Reached skill level 6 in Axes
  4735 | D:6      | Reached skill level 7 in Axes
  4774 | D:6      | Noticed Edmund
  4786 | D:6      | Killed Edmund
  4786 | D:6      | Reached skill level 8 in Axes
  4786 | D:6      | Reached XP level 8. HP: 28/68 MP: 7/7
  5054 | D:6      | Reached skill level 9 in Axes
  5121 | D:6      | Found a staircase to the Ecumenical Temple.
  5130 | Temple   | Entered the Ecumenical Temple
  5187 | Temple   | Became a worshipper of Kikubaaqudgha
  5354 | D:6      | Found Ijodamoi's Jewellery Shop.
  5431 | D:6      | Bought an uncursed ring of magical power for 240 gold pieces
  5584 | D:7      | Noticed a two-headed ogre
  5593 | D:7      | Killed a two-headed ogre
  5593 | D:7      | Reached skill level 11 in Axes
  5593 | D:7      | Reached XP level 9. HP: 29/74 MP: 8/8
  6069 | D:7      | Learned a level 1 spell: Sting
  6183 | D:7      | Noticed Joseph
  6195 | D:7      | Killed Joseph
  6195 | D:7      | Reached * piety under Kikubaaqudgha
  6195 | D:7      | Identified Kikubaaqudgha's Almanac of Stolen Souls (Kikubaaqudgha gifted it to you on level 7 of the Dungeon)
  6195 | D:7      | Received a gift from Kikubaaqudgha
  6430 | D:7      | Learned a level 1 spell: Animate Skeleton
  6790 | D:7      | HP: 1/82 [warg (10)]
  6791 | D:7      | Succumbed to an orc priest's poison

Vault maps used:
D:1:      mrwooster_arrival_statue, minmay_tromino_v4_c
D:2:      grunt_qazlal_clouds
D:3:      eino_tiny_chamber
D:4:      kennysheep_kobold_camp, cheibriados_altar_1, first_bread,
          serial_park_tiny_2, grunt_tough_drop, uniq_crazy_yiuf_cottage,
          uniq_natasha
D:5:      grunt_temple_overflow_open, nicolae_tso_besieged_by_evil,
          uniq_blork_the_orc
D:6:      minmay_temple_entry_poolview, kennysheep_small_square, uniq_edmund
D:7:      uniq_joseph
D:8:      lemuel_crystal_altar, erik_lair_orcish_takeover
Temple:   nicolae_temple_elliptical

Skill      XL: |  1  2  3  4  5  6  7  8  9 |
---------------+----------------------------+-----
Axes           | 3 4 5 8 11 | 11.6
Fighting       | 5 8 |  8.8
Armour         | 5 |  5.7
Shields        | 5 |  5.2
Dodging        | 3 4 |  4.0

Action                   |  1- 3 |  4- 6 |  7- 9 || total
-------------------------+-------+-------+-------++-------
Melee: War axe           |    89 |   211 |   163 ||   463
       Headbutt          |     6 |    38 |    41 ||    85
Throw: Javelin           |       |    17 |    22 ||    39
       Tomahawk          |       |     3 |     5 ||     8
  Use: Scroll            |     6 |    11 |     4 ||    21
       Potion            |       |     2 |     4 ||     6
 Stab: Distracted        |       |       |     1 ||     1
  Eat: Chunk             |       |     5 |     6 ||    11
       Bread ration      |       |     1 |     1 ||     2
Armor: Scale mail        |    48 |    58 |    24 ||   130
       Ring mail         |       |       |    24 ||    24
Dodge: Dodged            |    22 |    54 |    53 ||   129
Block: Shield            |    49 |   108 |    74 ||   231

Table legend:
 A = Spawn XP
 B = Non-spawn XP
 C = Spawn XP percentage of total XP
 D = Spawn monster count
 E = Non-spawn monster count
 F = Spawn count percentage of total count
 G = Total turns spent on level
                    A         B        C        D         E        F      G
               +---------+---------+-------+---------+---------+-------+---------
         Total |       0 |    4292 |   0.0 |       0 |     188 |   0.0 |  6791
               +---------+---------+-------+---------+---------+-------+---------
           D:1 |       0 |      58 |   0.0 |       0 |      26 |   0.0 |   717
           D:2 |       0 |     131 |   0.0 |       0 |      29 |   0.0 |   812
           D:3 |       0 |      87 |   0.0 |       0 |      28 |   0.0 |   874
           D:4 |       0 |     350 |   0.0 |       0 |      36 |   0.0 |  1308
           D:5 |       0 |     457 |   0.0 |       0 |      24 |   0.0 |   801
           D:6 |       0 |     802 |   0.0 |       0 |      20 |   0.0 |   841
           D:7 |       0 |    2318 |   0.0 |       0 |      21 |   0.0 |  1246
           D:8 |       0 |      89 |   0.0 |       0 |       4 |   0.0 |    70
               +---------+---------+-------+---------+---------+-------+---------
